 Dungeon Crawl Stone Soup version 0.31-a0-175-g9f7f995f2b (webtiles) character file.

Game seed: 5738748733719768947

125 Moral the Ducker (level 4, -6/28 HPs)
             Began as a Vampire Gladiator on June 16, 2023.
             Mangled by an orc
             ... wielding a +0 flail
              (9 damage)
             ... on level 4 of the Dungeon.
             The game lasted 00:05:57 (1802 turns).

Moral the Ducker (Vampire Gladiator)                Turns: 1802, Time: 00:05:59

Health: -6/28      AC:  0    Str: 11 (13) XL:     4   Next: 82%
Magic:  2/4        EV: 22    Int:  8 (10) God:
Gold:   141        SH:  5    Dex: 20 (22) Spells: 3/3 levels left

rFire   . . .        a - melded +0 long sword
rCold   + + .        (shield currently unavailable)
rNeg    + + +        b - melded +0 leather armour
rPois   ∞            c - melded +0 helmet
rElec   .            (cloak currently unavailable)
rCorr   .            (gloves currently unavailable)
SInv    +            (boots currently unavailable)
Will    .....        k - amulet of reflection
Stlth   +++++        (ring currently unavailable)
HPRegen 0.00/turn    (ring currently unavailable)
MPRegen 0.09/turn

%: reflection
@: bat-form, flying, bloodless, inhibited regen, very quick
A: fast, flying, no casting, tiny, bloodless, fangs 3, see invisible, vampiric 2
a: Revivify, End Transformation


You were on level 4 of the Dungeon.
You were a vampire bat.
You visited 1 branch of the dungeon, and saw 4 of its levels.

You collected 141 gold pieces.

Inventory:

Hand Weapons
 a - a +0 long sword (melded)
Armour
 b - a +0 leather armour (melded)
 c - a +0 helmet (melded)
Jewellery
 k - an amulet of reflection (around neck)
Scrolls
 f - 3 scrolls of identify {unknown}
 g - a scroll of enchant weapon {unknown}
 h - 2 scrolls of teleportation {unknown}
 i - a scroll of enchant armour {unknown}
 j - 2 scrolls of fog {unknown}
 m - a scroll of immolation {unknown}
 n - a scroll of amnesia {unknown}
 o - a scroll of noise {unknown}
Potions
 d - a potion of berserk rage {unknown}
 e - a potion of enlightenment {unknown}
 l - 3 potions of curing {unknown}


   Skills:
 * Level 3.0 Fighting
 + Level 3.7 Long Blades
 - Level 1.5 Throwing
 + Level 3.9 Dodging
 * Level 3.5 Stealth


You had 3 spell levels left.
You didn't know any spells.
Your spell library contained the following spells:

 Spells                   Type           Power      Damage    Failure   Level
 Dazzling Flash           Conj/Hex       0%         N/A       78%         3
 Inner Flame              Hex/Fire       0%         N/A       78%         3
 Volatile Blastmotes      Fire/Tloc      0%         2d10      78%         3
 Iskenderun's Mystic Bla  Conj/Tloc      0%         2d3       99%         4
 Yara's Violent Unravell  Hex/Tmut       0%         3d3       100%        5
 Starburst                Conj/Fire      0%         6d3       100%        6
 Enfeeble                 Hex            0%         N/A       100%        7


Dungeon Overview and Level Annotations

Branches:
Dungeon (4/15)
 Temple: D:4-7

Altars:
Vehumet

Shops:
D:3 (


Innate Abilities, Weirdness & Mutations

You are a vampire bat.
You are tiny and dextrous.
You move quickly.
You are flying.
You are immune to poison.
Your equipment is almost entirely melded.
You are incapable of wielding weapons or throwing items.
You cannot cast spells.
You do not regenerate when monsters are visible.
You are frail without blood (-20% HP).
You can heal yourself when you bite living creatures.
You are immune to poison.
You have razor-sharp teeth.
You have supernaturally acute eyesight. (SInv)
You are afflicted with vampirism and can become a bat while bloodless.


Message History

You bite the orc, and draw its blood! You slash the orc!
You kill the orc!
The helpless orc priest fails to defend itself.
You bite the orc priest, and draw its blood!
You slash the orc priest!
The orc priest is almost dead.
You block the orc priest's attack.
The orc shouts!
You hit the orc priest.
The orc priest is almost dead.
The orc priest mumbles some strange prayers to Beogh against you.
Beogh smites you! The orc hits you but does no damage.
You closely miss the orc priest. Your bite misses the orc priest.
The orc priest is almost dead.
The orc barely misses you.
The orc priest hits you with a +0 hand axe.
The orc closely misses you.
You closely miss the orc priest.
The orc priest is almost dead.
The orc closely misses you.
The orc priest hits you but does no damage.
The orc barely misses you. The orc closely misses you.
The orc barely misses you. The orc priest barely misses you.
You slash the orc priest!
You kill the orc priest!
The orc hits you with a +0 flail. The orc hits you with a +0 dagger.
* * * LOW HITPOINT WARNING * * *
Your Fighting skill increases to level 3!
You barely miss the orc. The orc hits you with a +0 flail.
* * * LOW HITPOINT WARNING * * *
The orc hits you with a +0 dagger.
* * * LOW HITPOINT WARNING * * *
Okay, then.
You turn into a vampire bat.
Your +0 long sword melds into your body.
Your +0 helmet melds into your body.
Your +0 leather armour melds into your body.
You feel weakened.
You feel dopey.
You feel clumsy. The orc hits you with a +0 flail!
You die...

#.......
#......#
#......######
#......<.....
#..!.......
#........
#....oo#
#...)b)##
#.....<.+
#....$.##
#......#
#......#
#.....>#
#.......
#..$....
#.......


You could see 2 orcs.

Vanquished Creatures
  An orc priest (D:4)
  3 gnolls (D:3)
  2 adders
  A dart slug (D:1)
  3 orcs
  A bat (D:1)
  4 endoplasms
  A giant cockroach (D:1)
  5 goblins
  5 hobgoblins (D:1)
  3 jackals (D:2)
  2 kobolds
  4 ball pythons
  A frilled lizard (D:1)
  6 rats
42 creatures vanquished.

Notes
Turn   | Place    | Note
-------+----------+-------------------------------------------
     0 | D:1      | Moral the Vampire Gladiator began the quest for the Orb.
     0 | D:1      | Reached XP level 1. HP: 16/16 MP: 1/1
    96 | D:1      | Reached XP level 2. HP: 20/22 MP: 2/2
   160 | D:1      | Reached skill level 1 in Stealth
   493 | D:2      | Gained mutation: You are afflicted with vampirism and can
                  | become a bat while bloodless. [Vampire growth]
   493 | D:2      | Reached XP level 3. HP: 24/28 MP: 3/3
  1084 | D:3      | Reached XP level 4. HP: 16/27 MP: 4/4
  1419 | D:3      | Found Mocuaxik's Antique Weapon Emporium.
  1734 | D:3      | Found a radiant altar of Vehumet.
  1802 | D:4      | Mangled by an orc

Illustrated notes

Levels and vault maps discovered:
D:1:      ebering_trefoil_twist, layout_basic, serial_forest,
          infiniplex_forest_straight_1, infiniplex_forest_clump_small,
          infiniplex_forest_clump_curved, infiniplex_forest_lined_room_2,
          infiniplex_forest_clump_curved, infiniplex_forest_straight_5,
          infiniplex_forest_clump_cross, infiniplex_forest_lined_room_2
D:2:      layout_basic
D:3:      layout_basic, mainiacjoe_overflow_swirl, serial_shops,
          nicolae_square_shop
D:4:      layout_gridville

Skill      XL: |  1  2  3  4 |
---------------+-------------+-----
Fighting       | 2 3 |  3.0
Stealth        | 1 2 3 |  3.5
Long Blades    | |  3.7
Throwing       | |  1.5
Dodging        | |  3.9

Action                     |  1- 3 |  4- 6 || total
---------------------------+-------+-------++-------
  Melee: Long sword        |    68 |    22 ||    90
         Bite              |     9 |       ||     9
Ability: Exsanguinate      |     1 |       ||     1
         Bat Form          |       |     1 ||     1
   Stab: Sleeping          |     4 |     5 ||     9
 Armour: Leather armour    |    18 |     3 ||    21
  Dodge: Dodged            |    38 |    14 ||    52
  Block: Other             |    11 |     3 ||    14
         Reflection        |     1 |       ||     1

Table legend: (Time is in decaauts)
 A = Elapsed time spent in this place.
 B = Non-inter-level travel time spent in this place.
 C = Inter-level travel time spent in this place.
 D = Time resting spent in this place.
 E = Time spent auto-exploring this place.
 F = Levels seen in this place.
 G = Mean time per level.
                   A        B        C        D        E       F      G
               +--------+--------+--------+--------+--------+-----+--------+
         Total |   1822 |   1727 |     95 |    176 |   1154 |   4 |  455.5 |
       Dungeon |   1822 |   1727 |     95 |    176 |   1154 |   4 |  455.5 |
               +--------+--------+--------+--------+--------+-----+--------+

Top non-repeatable levels by time:
     D:3: 872 daAuts
     D:2: 531 daAuts
     D:1: 407 daAuts
     D:4: 10 daAuts
